 Dungeon Crawl Stone Soup version 0.20-a0-2-g2b0e13a (console) character file.

408 brucemayne the Chopper (level 6, -3/47 HPs)
             Began as a Demonspawn Berserker on Oct 29, 2016.
             Was a Believer of Trog.
             Killed from afar by a battlesphere (16 damage)
             ... created by poirepourri's ghost
             ... on level 7 of the Dungeon.
             The game lasted 00:03:58 (958 turns).

brucemayne the Chopper (Demonspawn Berserker)        Turns: 958, Time: 00:03:58

Health: -3/47      AC: 11    Str: 18 (19) XL:     6   Next: 57%
Magic:  6/6        EV:  7    Int:  6 (8)  God:    Trog [**....]
Gold:   118        SH:  0    Dex: 12 (13) Spells: 0 memorised, 5 levels left

rFire  + . .     SeeInvis .     w - +0 war axe
rCold  . . .     Gourm    .     l - +0 plate armour
rNeg   . . .     Faith    .     (no shield)
rPois  .         Spirit   .     (helmet restricted)
rElec  .         Reflect  .     d - +0 cloak
rCorr  .         Harm     .     (no gloves)
MR     .....                    (no boots)
Stlth  ..........               (no amulet)
                                (no ring)
                                s - ring of protection from fire

@: confused, exhausted, flying, slowed, very slow
A: antennae 2, powered by pain 1, spiny 1, sturdy frame 1
a: Berserk, Trog's Hand, Burn Spellbooks, Renounce Religion


You were on level 7 of the Dungeon.
You worshipped Trog.
Trog was pleased with you.
You were near starving.

You visited 1 branch of the dungeon, and saw 7 of its levels.

You collected 118 gold pieces.

Inventory:

Hand Weapons
 a - a +0 hand axe
 w - a +0 war axe (weapon)
Armour
 b - a +0 animal skin
 d - a +0 cloak (worn)
 h - a +0 leather armour
 i - a +0 chain mail
 l - a +0 plate armour (worn)
 m - a +0 scale mail
Jewellery
 s - a ring of protection from fire (left hand)
Wands
 t - a wand of iceblast (8/15)
Scrolls
 g - 2 scrolls of fear {unknown}
 j - a scroll of enchant weapon {unknown}
 k - 3 scrolls of identify {unknown}
 p - a scroll of blinking {unknown}
 q - 2 scrolls of remove curse {unknown}
Comestibles
 c - 2 bread rations
 r - a slice of pizza
 u - 2 beef jerkies
 v - a meat ration


   Skills:
 - Level 3.0 Fighting
 + Level 6.8 Axes
 - Level 1.7 Armour
 - Level 1.7 Dodging


You had 5 spell levels left.
You didn't know any spells.

Dungeon Overview and Level Annotations

Branches:
Dungeon (7/15)
 Temple: D:4-7

Altars:
Dithmenos
Hepliaklqana

Annotations:
D:7 poirepourri's ghost, novice DECj


Innate Abilities, Weirdness & Mutations

You have a pair of antennae on your head.
You sometimes gain a little power by taking damage.
You are partially covered in sharp spines.
Your movements are slightly less encumbered by armour. (ER -2)


Message History

Poirepourri's ghost hits you but does no damage.
Poirepourri's ghost points at you and mumbles some strange words.
The spray of energy hits you!
You are confused.
The battlesphere fires!
The barrage of energy hits you!
* * * LOW HITPOINT WARNING * * *
You aren't carrying any potions.
Unknown command.
Poirepourri's ghost hits you but does no damage.
Unknown command.
You miss poirepourri's ghost.
Poirepourri's ghost is almost destroyed.
You are near starving!
Poirepourri's ghost hits you but does no damage. x2
You aren't carrying any potions.
Unknown command.
Poirepourri's ghost points at you and mumbles some strange words.
The spray of energy misses you.
The battlesphere fires!
The barrage of energy hits you!
You die...

## ######## #........ .# #......#
#......# .# #....#.#
#######......# ###.
+....#.######..))........#.
...####....#>.........[.)........
...'.......###....*..#####..[.###
..†###.....# #.....### ##.).#
.).)<#.##### #.....# {#...#
..)).#.# #..@W.## #...# .[...#.#
#......# ##### ...#.#.# ######.#
{ ...#...# #.## ...##### #..#
#### ##....# ######


You could see a battlesphere and poirepourri's ghost.

Vanquished Creatures
  An orc warrior (D:7)
  A black bear (D:7)
  An ogre (D:3)
  A crimson imp (D:4)
  An orc wizard (D:7)
  4 adders
  A leopard gecko (D:3)
  10 orcs
  3 bats
  3 giant cockroaches
  3 goblins (D:3)
  3 hobgoblins (D:3)
  2 jackals (D:2)
  A quokka (D:5)
  3 kobolds (D:3)
  A quokka skeleton (D:4)
  A rat (D:2)
40 creatures vanquished.

Notes
Turn   | Place    | Note
-------+----------+-------------------------------------------
     0 | D:1      | brucemayne the Demonspawn Berserker began the quest for the Orb.
     0 | D:1      | Reached XP level 1. HP: 18/18 MP: 1/1
   152 | D:2      | Reached skill level 3 in Axes
   236 | D:3      | Gained mutation: You sometimes gain a little power by taking damage. [demonic ancestry]
   236 | D:3      | Reached XP level 2. HP: 20/24 MP: 2/2
   385 | D:3      | Found a shadowy altar of Dithmenos.
   450 | D:3      | Found a hazy altar of Hepliaklqana.
   504 | D:3      | Noticed an ogre
   504 | D:3      | Gained mutation: You are partially covered in sharp spines. [demonic ancestry]
   504 | D:3      | Reached XP level 3. HP: 29/29 MP: 3/3
   514 | D:3      | Killed an ogre
   514 | D:3      | Reached ** piety under Trog
   514 | D:3      | Reached skill level 4 in Axes
   514 | D:3      | Gained mutation: Your movements are slightly less encumbered by armour. (ER -2) [demonic ancestry]
   514 | D:3      | Reached XP level 4. HP: 26/35 MP: 4/4
   516 | D:3      | Reached skill level 5 in Axes
   591 | D:4      | Gained mutation: You have a pair of small antennae on your head. [demonic ancestry]
   591 | D:4      | Reached XP level 5. HP: 31/41 MP: 5/5
   674 | D:5      | Entered Level 5 of the Dungeon
   786 | D:7      | Noticed an orc warrior
   794 | D:7      | Noticed a black bear
   801 | D:7      | Killed a black bear
   801 | D:7      | Reached skill level 6 in Axes
   801 | D:7      | Gained mutation: You have a pair of antennae on your head. [demonic ancestry]
   801 | D:7      | Reached XP level 6. HP: 25/47 MP: 6/6
   801 | D:7      | Killed an orc warrior
   924 | D:7      | Noticed poirepourri's ghost (novice DECj)
   958 | D:7      | Killed from afar by a battlesphere

Vault maps used:
D:1:      matt_arrival_diagonals
D:2:      fedhas_altar_2, uniq_crazy_yiuf_cottage, uniq_terence, uniq_robin,
          uniq_natasha
D:3:      nicolae_dithmenos_through_a_glass_darkly, overflow_temple_1_default,
          nicolae_overflow_crystal_walls
D:4:      first_bread, hangedman_glass_garden, uniq_sigmund
D:5:      serial_shops, shop_coins, minmay_stone_trees_medium,
          kb_lookout_dungeons_type
D:6:      grunt_temple_overflow_opulence, uniq_menkaure
D:7:      minmay_klotski, makhleb_grotto_becter

Skill      XL: |  1  2  3  4  5 |
---------------+----------------+-----
Axes           | 3 4 5 6 |  6.8
Fighting       | |  3.0
Armour         | |  1.7
Dodging        | |  1.7

Action                   |  1- 3 |  4- 6 || total
-------------------------+-------+-------++-------
Melee: Hand axe          |    93 |    52 ||   145
       War axe           |       |    19 ||    19
Invok: Berserk           |     2 |     2 ||     4
       Trog's Hand       |       |     1 ||     1
  Use: Potion            |       |     4 ||     4
  Eat: Chunk             |       |     3 ||     3
Armor: Chain mail        |    72 |    19 ||    91
       Animal skin       |     5 |       ||     5
       Skin              |     3 |       ||     3
       Plate armour      |       |    27 ||    27
Dodge: Dodged            |    61 |    21 ||    82
